Description

My own Adept All-In build

Replay - Adept Build Order

Build Order

Get SALT Encoding   

  14  0:18  Pylon  
  15  0:40  Gateway  
  16  0:45  Assimilator  
  19  1:21  Nexus  
  20  1:35  Cybernetics Core  
  20  1:43  Pylon  
  20  1:49  Assimilator  
  23  2:17  Warp Gate  
  23  2:22  Mothership Core (Chrono Boost)  
  25  2:32  Pylon  
  25  2:34  Robotics Facility  
  31  3:04  Twilight Council  
  31  3:07  Gateway  
  31  3:13  Gateway  
  33  3:29  Observer  
  33  3:31  Resonating Glaives  
  40  3:50  Warp Prism  
  42  3:57  Gateway x2  
  44  4:23  Gateway x3  
  44  4:30  Pylon x2  
  83  7:30  Nexus  
Spawning Tool Build Advisor. Get it on Overwolf

Go to:

Details

  • Created by: jrivera220
  • Published on: Jun 18, 2017
  • Modified on: Jun 18, 2017
  • Patch: 3.8.0
Show
View Real Time Build Order
Export as new Build Order

Comments (0)

There are no comments. Be the first!

Create an account to comment!